 Dungeon Crawl Stone Soup version 0.30-a0-719-gcc4359ea44 (webtiles) character file.

Game seed: 1636926002433193855

2141 kae the Changer (level 9, -29/60 (70) HPs)
             Began as a Demonspawn Transmuter on Jan 26, 2023.
             Was a Follower of Cheibriados.
             Killed from afar by an orc sorcerer (30 damage)
             ... with a bolt of negative energy
             ... in a bailey.
             The game lasted 00:09:43 (7338 turns).

kae the Changer (Demonspawn Transmuter)             Turns: 7338, Time: 00:09:43

HP:   -29/60 (70)   AC: 12    Str: 14    XL:     9   Next: 9%
MP:   16/16         EV: 11    Int: 25    God:    Cheibriados [*.....]
Gold: 382           SH:  0    Dex: 16    Spells: 7/17 levels left

rFire   x . .      SeeInvis .      - Unarmed
rCold   + + +      Faith    .    (shield currently unavailable)
rNeg    . . .      Spirit   .    (body armour currently unavailable)
rPois   +          Reflect  .    (helmet currently unavailable)
rElec   .          Harm     .    (cloak currently unavailable)
rCorr   .          Rampage  .    (gloves currently unavailable)
Will    .....                    (boots currently unavailable)
Stlth   +                        u - amulet of magic regeneration
HPRegen 0.30/turn                O - +4 ring of protection
MPRegen 0.55/turn                I - +6 ring of intelligence

@: mighty, ice-form (expiring), wereblooded (expiring), heavily drained, very
slow
A: freezing attack, amphibious, boosted hp, large, (claws 1), (hooves 1), (horns
1), powered by pain 1, demonic magic 1
a: End Transformation, Renounce Religion, Bend Time


You were in a bailey.
You worshipped Cheibriados.
Cheibriados was aware of your devotion.
You were a creature of crystalline ice.
You visited 2 branches of the dungeon, and saw 8 of its levels.
You also visited: Bailey.

You collected 382 gold pieces.


Innate Abilities, Weirdness & Mutations

You are a creature of crystalline ice.
You have a powerful freezing melee attack.
You are amphibious.
Your maximum health is increased.
Your armour is entirely melded.
You are incapable of wielding weapons or throwing items.
((You have sharp fingernails.))
((You have large cloven feet.))
((You have a pair of small horns on your head.))
You sometimes gain a little power by taking damage.
Spells you cast may paralyse adjacent enemies.


   Skills:
 - Level 1.0 Fighting
 + Level 4.0 Dodging
 + Level 5.1 Unarmed Combat
 + Level 4.7 Spellcasting
 * Level 6.3 Transmutations
 * Level 4.9 Ice Magic
 - Level 2.0 Poison Magic


You had 7 spell levels left.
You knew the following spells:

 Your Spells              Type           Power      Damage    Failure   Level
a - Beastly Appendage     Tmut           74%        N/A       1%          1
b - Wereblood             Tmut           37%        N/A       1%          2
c - Spider Form           Tmut/Pois      26%        N/A       4%          3
d - Ice Form              Ice/Tmut       34%        N/A       9%          4

Your spell library contained the following spells:

 Spells                   Type           Power      Damage    Failure   Level
 Freeze                   Ice            100%       1d10      1%          1
 Frozen Ramparts          Ice            60%        1d10      3%          3
 Kiss of Death            Conj/Necr      20%        2d7       9%          1
 Summon Small Mammal      Summ           20%        N/A       9%          1
 Hailstorm                Conj/Ice       18%        3d6       10%         3
 Call Canine Familiar     Summ           5%         N/A       26%         3
 Confusing Touch          Hex            5%         N/A       26%         3
 Summon Guardian Golem    Hex/Summ       5%         N/A       26%         3
 Dispel Undead            Necr           5%         3d7       63%         4

Inventory:

Missiles
 d - 71 stones
 e - 13 boomerangs
 k - 3 throwing nets {=f!f}
 l - 8 poisoned darts
 r - 6 javelins
Armour
 a - a +1 robe (melded)
Magical Staves
 s - a staff of death {!a}
   (You found it on level 2 of the Dungeon)
Jewellery
 u - an amulet of magic regeneration (around neck)
   (You found it on level 4 of the Dungeon)
 D - a +6 ring of dexterity
   (You found it on level 5 of the Dungeon)
 I - a +6 ring of intelligence (right front paw)
   (You found it on level 1 of the Dungeon)
 O - a +4 ring of protection (left front paw)
   (You found it on level 5 of the Dungeon)
Wands
 n - a wand of digging (5)
   (You found it on level 7 of the Dungeon)
Scrolls
 g - 3 scrolls of teleportation {@r4}
 o - 3 scrolls of torment {!r}
 q - a scroll of enchant weapon
 v - a scroll of brand weapon
Potions
 b - 2 potions of lignification {!q}
 c - a potion of brilliance
 h - a potion of magic
 i - a potion of ambrosia
 j - 2 potions of haste {@q3}
 m - a potion of mutation {!q}
 p - 2 potions of flight
 t - a potion of berserk rage {!q}

Dungeon Overview and Level Annotations

Branches:
Dungeon (7/15) Zot: 40208  Temple (1/1) D:6 Zot: 8976  Bailey (1/1) Zot: 8548

Altars:
Ashenzari
Cheibriados
Dithmenos
Fedhas
Gozag
Nemelex Xobeh
Qazlal
Ru
Uskayaw
Wu Jian
Yredelemnul

Shops:
D:4 (

Annotations:
D:6 2 transporters, ThereIsNoGod's ghost, novice OpFi

#≈≈≈≈≈≈≈≈≈≈≈≈≈≈≈≈≈≈≈≈≈≈≈≈≈≈≈≈≈
#≈≈≈≈≈≈≈≈≈≈≈≈≈≈≈≈≈≈≈≈≈≈≈≈≈≈≈≈≈
#≈≈≈≈≈≈≈≈≈≈≈≈≈≈≈≈≈≈≈≈≈≈≈≈≈≈≈≈≈
#≈≈≈≈≈≈≈≈≈≈≈≈≈≈≈≈≈≈≈≈≈≈≈≈≈≈≈≈≈
#≈≈≈≈≈≈≈≈≈≈≈≈≈≈≈≈≈≈≈≈≈≈≈≈≈≈≈≈≈
#≈≈≈≈≈≈≈≈≈≈≈≈≈≈≈≈≈≈≈≈≈≈≈≈≈≈≈≈≈
#≈≈≈≈≈≈≈≈≈≈≈≈≈≈≈≈≈≈≈≈≈≈≈≈≈≈≈≈≈
#≈≈≈≈≈######~~~~~~~~~~~~~#####
#≈≈≈≈≈#.#..'oY...........+
#≈≈≈≈≈#'#..###############
#≈≈≈≈≈#....))....#
#≈≈≈≈≈#....#)....+ #≈≈≈
#.########## ## #≈≈≈≈≈†.# #.
#≈≈≈≈≈~.# #. #≈≈≈≈≈4.#. #.
#≈≈≈≈≈~.### #.


You could see an orc sorcerer.


Message History

Your mp is fully restored (16).
You hit the orc. You freeze the orc.
You kill the orc!
Cheibriados appreciates the change of pace.
The orc closely misses you.
You closely miss the goblin. The orc barely misses you.
The goblin hits you but does no damage.
You punch the goblin! You freeze the goblin.
You kill the goblin!
Cheibriados appreciates the change of pace.
The orc closely misses you.
You barely miss the orc. The orc hits you but does no damage.
You hit the orc. You freeze the orc. The orc hits you but does no damage.
You punch the orc! You freeze the orc.
You kill the orc!
Cheibriados thoroughly appreciates the change of pace.
You howl as the wereblood boils in your veins!
No target in view!
No target in view!
No target in view!
No target in view!
An electric eel comes into view.
You howl as the wereblood boils in your veins!
You hear a shout!
The electric eel shoots out a bolt of lightning at you!
The bolt of electricity misses you.
Found a gate leading back out of this place.
An orc sorcerer comes into view. It is wielding a +0 battleaxe.
The orc sorcerer shouts!
The orc sorcerer gestures wildly while chanting.
You punch the electric eel!
The electric eel seems to slow down.
You freeze the electric eel.
You howl as the wereblood boils in your veins!
You closely miss the electric eel.
The electric eel shoots out a bolt of lightning at you!
The bolt of electricity misses you.
Unknown command.
You hit the electric eel. You freeze the electric eel.
You kill the electric eel!
You hear a splash.
You now have 68 max hp (+1).
The orc sorcerer howls an incantation.
You feel disoriented. 😎 HP[+1]
Your hp is fully restored (68).
Unknown command.
The orc sorcerer points at you and mumbles some strange words.
The bolt of negative energy hits you!!
You feel drained.
Ouch! That really hurt!
* * * LOW HITPOINT WARNING * * *
You focus on the pain.
You feel very mighty all of a sudden.
There is an open door here. 😨 HP[-39]
You now have 63 max hp (-5).
You take 39 damage, and now have 29/63 hp.
MASSIVE DAMAGE!! (PAUSE)
The orc sorcerer points at you and mumbles some strange words.
You suddenly lose the ability to move!
You howl as the wereblood boils in your veins!
The orc sorcerer hits you with a +0 battleaxe!
* * * LOW HITPOINT WARNING * * *
You can move again. 😨 HP[-6]
You take 6 damage, and now have 23/63 hp.
You howl as the wereblood boils in your veins!
The orc sorcerer barely misses you.
As you read the scroll labelled EKEAQOBRERCH, it crumbles to dust.
You hear a loud clanging noise!
It was a scroll of noise.
You hear a shout! x4
The orange demon stings you from afar!
* * * LOW HITPOINT WARNING * * *
The orc sorcerer hits you with a +0 battleaxe!
* * * LOW HITPOINT WARNING * * *
😱 HP[-22]
You take 22 damage, and now have 1/63 hp.
MASSIVE DAMAGE!! (PAUSE)
Okay, then.
This is a scroll of acquirement!
Something appears at your feet! The orange demon misses you.
The orc sorcerer closely misses you.
Okay, then.
Okay, then.
Okay, then.
You fail to use your ability.
Your transformation is almost over.
Your primal bloodlust is almost over.
The orange demon disappears in a puff of smoke!
The orc sorcerer points at you and mumbles some strange words.
The bolt of negative energy misses you.
Unknown command.
Unknown command.
You fail to use your ability.
The orc sorcerer casts a spell at you. The bolt of negative energy hits you!!
You feel drained.
Ouch! That really hurt!
You die...

Skill      XL: |  1  2  3  4  5  6  7  8  9 |
---------------+----------------------------+-----
Transmutations | 2 3 4 5 6 |  6.3
Unarmed Combat | 3 4 5 |  5.1
Poison Magic   | 1 2 |  2.0
Spellcasting   | 3 4 |  4.7
Dodging        | 2 3 4 |  4.0
Ice Magic      | 2 3 4 |  4.9
Fighting       | |  1.0

Action                     |  1- 3 |  4- 6 |  7- 9 || total
---------------------------+-------+-------+-------++-------
  Melee: Unarmed           |    93 |   327 |   216 ||   636
         Kick              |    20 |    38 |       ||    58
         Headbutt          |    12 |    18 |     2 ||    32
         Punch             |       |     5 |       ||     5
   Cast: Beastly Appendage |    17 |    20 |       ||    37
         Spider Form       |     1 |    18 |    11 ||    30
         Wereblood         |     1 |     1 |     9 ||    11
         Ice Form          |       |     3 |    14 ||    17
    Use: Scroll            |     2 |     4 |    13 ||    19
         Potion            |       |       |     8 ||     8
   Stab: Paralysed         |     4 |     4 |     3 ||    11
         Sleeping          |     1 |       |       ||     1
 Armour: Robe              |    24 |     9 |     6 ||    39
         Skin              |       |    14 |    44 ||    58
  Dodge: Dodged            |    70 |   124 |   190 ||   384

Levels and vault maps discovered:
D:1:      lordsloth_arrival_two_stooges, layout_basic
D:2:      cheibrodos_helix_gallery, layout_basic, minmay_crystal_room,
          uniq_natasha
D:3:      layout_basic, nicolae_uskayaw_suspiria, shapermc_ecumenical_altar_gd,
          serial_forest, infiniplex_forest_clump_cross, infiniplex_forest_end_2,
          infiniplex_forest_clump_small, infiniplex_forest_lined_2,
          infiniplex_forest_join, uniq_terence
D:4:      layout_gridville, nicolae_shop_firing_range
D:5:      layout_rooms, mainiacjoe_overflow_small_starburst,
          minmay_quadrilaterals, uniq_edmund
D:6:      layout_loops_cross, minmay_temple_entry_glass, gammafunk_ghost_smash
D:7:      layout_cave_pools, regret_index_temple_of_mockery, enter_bailey_4,
          minmay_statues_item
Temple:   minmay_freezing_vapour_temple
Bailey:   bailey_axe_of_yendor_kennysheep, bailey

Notes
Turn   | Place    | Note
-------+----------+-------------------------------------------
     0 | D:1      | kae the Demonspawn Transmuter began the quest for the Orb.
     0 | D:1      | Reached XP level 1. HP: 15/15 MP: 3/3
     0 | D:1      | magus.rc [v1.11.3]
    64 | D:1      | Reached skill level 2 in Transmutations
   130 | D:1      | Gained mutation: Spells you cast may paralyse adjacent
                  | enemies. [demonic ancestry]
   130 | D:1      | Reached XP level 2. HP: 13/21 MP: 3/5
   482 | D:1      | Reached skill level 3 in Unarmed Combat
   766 | D:2      | Reached XP level 3. HP: 24/26 MP: 4/6
   776 | D:2      | Learned a level 2 spell: Wereblood
   780 | D:2      | Learned a level 3 spell: Spider Form
   920 | D:2      | Noticed Natasha
   928 | D:2      | Killed Natasha
   929 | D:2      | Reached skill level 1 in Poison Magic
  1065 | D:2      | Reached XP level 4. HP: 32/32 MP: 3/7
  1111 | D:2      | You pick up a book of Frost and begin reading...
  1111 | D:2      | You add the spells Freeze, Frozen Ramparts and Hailstorm to
                  | your library.
  1296 | D:2      | Reached skill level 3 in Transmutations
  1378 | D:2      | Noticed Natasha
  1384 | D:2      | Killed Natasha
  1768 | D:2      | Noticed Natasha
  1778 | D:2      | Killed Natasha
  1779 | D:2      | Reached skill level 2 in Poison Magic
  1779 | D:2      | Reached XP level 5. HP: 37/37 MP: 5/9
  2320 | D:3      | Found a hide-covered altar of Uskayaw.
  2320 | D:3      | Noticed Terence
  2362 | D:3      | Killed Terence
  2363 | D:3      | Reached skill level 3 in Spellcasting
  2410 | D:3      | Learned a level 4 spell: Ice Form
  2516 | D:3      | Found a faded altar of an unknown god.
  3304 | D:4      | Noticed a black bear
  3317 | D:3      | Reached skill level 4 in Transmutations
  3317 | D:3      | You feel monstrous as your demonic heritage exerts itself.
  3317 | D:3      | Discovered your monstrous ancestry.
  3317 | D:3      | Gained mutation: You have sharp fingernails. [demonic
                  | ancestry]
  3317 | D:3      | Reached XP level 6. HP: 14/43 MP: 7/10
  3888 | D:4      | Reached skill level 2 in Dodging
  3981 | D:4      | Reached skill level 1 in Ice Magic
  4137 | D:4      | Found Xeatuf's Firing Range.
  4206 | D:4      | Noticed an ice beast
  4221 | D:4      | Killed an ice beast
  4374 | D:4      | Reached skill level 4 in Unarmed Combat
  4374 | D:4      | Reached skill level 2 in Ice Magic
  4374 | D:4      | Gained mutation: You sometimes gain a little power by
                  | taking damage. [demonic ancestry]
  4374 | D:4      | Reached XP level 7. HP: 38/48 MP: 2/12
  4708 | D:4      | You pick up a book of Touch and begin reading...
  4708 | D:4      | You add the spells Kiss of Death, Confusing Touch and
                  | Dispel Undead to your library.
  4768 | D:5      | Entered Level 5 of the Dungeon
  4887 | D:5      | HP: 16/72 [black bear (5)]
  5138 | D:5      | Found a snail-covered altar of Cheibriados.
  5142 | D:5      | Noticed Edmund
  5177 | D:5      | Killed Edmund
  5178 | D:5      | Reached skill level 5 in Transmutations
  5178 | D:5      | Reached skill level 3 in Ice Magic
  5220 | D:5      | Reached skill level 3 in Dodging
  5220 | D:5      | Gained mutation: You have a pair of small horns on your
                  | head. [demonic ancestry]
  5220 | D:5      | Reached XP level 8. HP: 46/54 MP: 13/13
  5274 | D:5      | Reached skill level 4 in Spellcasting
  5738 | D:6      | Reached skill level 4 in Ice Magic
  5964 | D:6      | Noticed ThereIsNoGod's ghost (novice OpFi)
  5965 | D:6      | Found a transporter.
  5971 | D:6      | Found a transporter.
  6063 | D:6      | Found a staircase to the Ecumenical Temple.
  6072 | Temple   | Entered the Ecumenical Temple
  6119 | D:5      | Became a worshipper of Cheibriados the Contemplative
  6375 | D:6      | You pick up a book of Callings and begin reading...
  6375 | D:6      | You add the spells Summon Small Mammal, Call Canine
                  | Familiar and Summon Guardian Golem to your library.
  6406 | D:6      | Reached skill level 6 in Transmutations
  6684 | D:7      | Reached skill level 5 in Unarmed Combat
  6907 | D:7      | Gained mutation: You have large cloven feet. [demonic
                  | ancestry]
  6907 | D:7      | Reached XP level 9. HP: 59/59 MP: 15/15
  6909 | D:7      | Found a flagged portal.
  6915 | D:7      | Reached * piety under Cheibriados
  6922 | Bailey   | Entered a bailey
  7148 | Bailey   | HP: 15/70 [electric eel/bolt of electricity (8)]
  7153 | Bailey   | Reached skill level 4 in Dodging
  7322 | Bailey   | Noticed an orc sorcerer
  7324 | Bailey   | Noticed an orange demon
  7330 | Bailey   | Paralysed by an orc sorcerer for 4 turns
  7335 | Bailey   | HP: 1/63 [orc sorcerer/+0 battleaxe (15)]
  7336 | Bailey   | Identified a scroll of acquirement
  7336 | Bailey   | Acquired 879 gold pieces
  7338 | Bailey   | Killed from afar by an orc sorcerer

Vanquished Creatures
  Edmund (D:5)
  2 ice beasts
  3 black bears
  2 ogres
  A phantom (D:4)
  A bullfrog (D:6)
  4 scorpions
  A howler monkey (D:6)
  4 electric eels (Bailey)
  3 orc priests
  4 hounds
  2 jellies (D:7)
  Natasha (thrice) (D:2)
  Terence (D:3)
  An iguana (D:6)
  3 orc wizards (D:5)
  16 gnolls
  5 adders
  A shadow imp (D:5)
  2 white imps (D:5)
  An ufetubus (D:5)
  5 worms
  2 dart slugs
  16 orcs
  9 ball pythons
  3 endoplasms
  5 giant cockroaches
  14 goblins
  9 hobgoblins
  4 jackals (D:2)
  11 quokkas
  3 training dummies (D:4)
  8 bats
  3 frilled lizards
  7 kobolds
  4 rats
  A bush (D:3)
165 creatures vanquished.

Vanquished Creatures (others)
  3 demonic plants (D:3)
  2 fungi (D:3)
  4 plants (D:3)
  A withered plant (D:3)
10 creatures vanquished.

Grand Total: 175 creatures vanquished

Table legend:
 A = Non-vault XP
 B = Vault XP
 C = Vault XP percentage of total XP
 D = Non-vault monster count
 E = Vault monster count
 F = Vault count percentage of total count
                 A         B        C        D         E       F
            +---------+---------+-------+---------+---------+-------
      Total |    2444 |     615 |  20.1 |     133 |      31 |  18.9
            +---------+---------+-------+---------+---------+-------
        D:1 |      35 |       0 |   0.0 |      22 |       0 |   0.0
        D:2 |     132 |      40 |  23.3 |      28 |       3 |   9.7
        D:3 |     166 |      36 |  17.8 |      24 |       1 |   4.0
        D:4 |     435 |       6 |   1.4 |      15 |       3 |  16.7
        D:5 |     713 |     282 |  28.3 |      23 |       8 |  25.8
        D:6 |     690 |       0 |   0.0 |      10 |       0 |   0.0
        D:7 |     273 |       9 |   3.2 |      11 |       5 |  31.2
     Bailey |       0 |     242 | 100.0 |       0 |      11 | 100.0
            +---------+---------+-------+---------+---------+-------

Illustrated notes

Table legend:
 A = Kills in this place as a percentage of kills in entire the game.
 B = Kills by you in this place as a percentage of kills by you in the entire game.
 C = Kills by friends in this place as a percentage of kills by friends in the entire game.
 D = Other kills in this place as a percentage of other kills in the entire game.
 E = Experience gained in this place as a percentage of experience gained in the entire game.
 F = Experience gained in this place divided by the number of levels of this place that you have seen.
                   A       B       C       D       E      F
               +-------+-------+-------+-------+-------+----------------------
         Total | 100.0 | 100.0 |   N/A |   N/A | 100.0 | 339.9
       Dungeon |  93.3 |  93.3 |   N/A |   N/A |  92.1 | 402.4
        Bailey |   6.7 |   6.7 |   N/A |   N/A |   7.9 | 242.0
               +-------+-------+-------+-------+-------+----------------------

Table legend: (Time is in decaauts)
 A = Elapsed time spent in this place.
 B = Non-inter-level travel time spent in this place.
 C = Inter-level travel time spent in this place.
 D = Time resting spent in this place.
 E = Time spent auto-exploring this place.
 F = Levels seen in this place.
 G = Mean time per level.
                   A        B        C        D        E       F      G
               +--------+--------+--------+--------+--------+-----+--------+
         Total |   7515 |   7196 |    319 |    444 |   5136 |   9 |  835.0 |
       Dungeon |   7053 |   6737 |    316 |    210 |   5054 |   7 | 1007.6 |
        Temple |     15 |     12 |      3 |      0 |     10 |   1 |   15.0 |
        Bailey |    446 |    446 |      0 |    234 |     72 |   1 |  446.0 |
               +--------+--------+--------+--------+--------+-----+--------+

Top non-repeatable levels by time:
     D:3: 1641 daAuts
     D:2: 1296 daAuts
     D:4: 1106 daAuts
     D:5: 1018 daAuts
     D:6: 991 daAuts
     D:1: 707 daAuts
  Bailey: 446 daAuts
     D:7: 290 daAuts
  Temple: 15 daAuts
